3004 views
Uploaded 2020-02-20 03:49:24
Game version 1.32 / 1.32.1
38:26 long 1on1 ladder game on (2)EchoIsles
Saved by BEARAND
3004 views
Uploaded 2020-02-20 03:49:24
Game version 1.32 / 1.32.1
38:26 long 1on1 ladder game on (2)EchoIsles

26 units @ 2.7k
/ 0.2k
73 buildings @ 3.9k
/ 2.1k



| Scroll of Regeneration | 5 | 500 |
| Lesser Clarity Potion | 2 | 140 |
| Potion of Healing | 7 | 1050 |
| Staff of Sanctuary | 3 | 750 |
| Potion of Mana | 4 | 800 |
| Orb of Fire | 2 | 650 |
| Scroll of Town Portal | 1 | 350 |
| Staff of Teleportation | 4 | 600 |
| Boots of Speed | 3 | 750 |
| Periapt of Vitality | 1 | 325 |
| Potion of Lesser Invulnerability | 1 | 150 |
| total: | 33 | 6065g |
| Peasant | 19 | 1425 | / | 0 |
| Priest | 1 | 135 | / | 10 |
| Spell Breaker | 1 | 215 | / | 30 |
| Sorceress | 1 | 155 | / | 20 |
| Dragonhawk Rider | 4 | 800 | / | 120 |
| total: | 26 | 2730g | / | 180w |
| Scout Tower | 56 | 1680 | / | 1120 |
| Arcane Tower | 3 | 210 | / | 150 |
| Guard Tower | 46 | 3220 | / | 2300 |
| Altar of Kings | 1 | 180 | / | 50 |
| Farm | 7 | 560 | / | 140 |
| Lumber Mill | 1 | 120 | / | 0 |
| Arcane Vault | 2 | 260 | / | 60 |
| Town Hall | 1 | 385 | / | 205 |
| Blacksmith | 1 | 140 | / | 60 |
| Barracks | 1 | 160 | / | 60 |
| Arcane Sanctum | 1 | 150 | / | 140 |
| Gryphon Aviary | 2 | 280 | / | 300 |
| Keep | 2 | 640 | / | 420 |
| Castle | 2 | 720 | / | 420 |
| total: | 73 | 3915g | / | 2135w |
| 0:01 | Peasant |
| 0:02 | Peasant |
| 0:06 | Altar of Kings |
| 0:18 | Farm |
| 0:22 | Scout Tower |
| 0:27 | Farm |
| 0:28 | Peasant |
| 0:37 | Peasant |
| 0:45 | Peasant |
| 0:57 | Peasant |
| 1:04 | Lumber Mill |
| 1:06 | Peasant |
| 1:15 | Scout Tower |
| 1:17 | Peasant |
| 1:30 | Peasant |
| 1:40 | Arcane Tower |
| 1:42 | Peasant |
| 1:53 | Peasant |
| 1:56 | Scout Tower |
| 2:05 | Guard Tower |
| 2:08 | Blizzard |
| 2:39 | Peasant |
| 2:41 | Guard Tower |
| 2:41 | Scout Tower |
| 2:42 | Scout Tower |
| 3:27 | Guard Tower |
| 3:30 | Arcane Vault |
| 3:32 | Peasant |
| 3:32 | Peasant |
| 3:37 | Guard Tower |
| 3:44 | Brilliance Aura |
| 4:31 | Town Hall |
| 4:36 | Scout Tower |
| 4:37 | Scout Tower |
| 4:38 | Scout Tower |
| 4:38 | Scout Tower |
| 5:02 | Staff of Teleportation |
| 5:02 | Boots of Speed |
| 5:08 | Arcane Tower |
| 5:08 | Guard Tower |
| 5:18 | Keep |
| 5:25 | Guard Tower |
| 5:42 | Blizzard |
| 5:46 | Scroll of Regeneration |
| 5:49 | Guard Tower |
| 5:52 | Scout Tower |
| 5:53 | Scout Tower |
| 5:56 | Farm |
| 5:56 | Farm |
| 5:58 | Improved Masonry |
| 6:07 | Scout Tower |
| 6:07 | Scout Tower |
| 6:08 | Scout Tower |
| 6:09 | Scout Tower |
| 6:09 | Scout Tower |
| 6:15 | Guard Tower |
| 6:28 | Guard Tower |
| 6:39 | Guard Tower |
| 6:45 | Arcane Vault |
| 6:47 | Scout Tower |
| 6:50 | Peasant |
| 6:50 | Peasant |
| 6:59 | Scroll of Regeneration |
| 7:16 | Guard Tower |
| 7:21 | Peasant |
| 7:43 | Guard Tower |
| 7:56 | Guard Tower |
| 8:00 | Improved Lumber Harvesting |
| 8:10 | Arcane Sanctum |
| 8:20 | Peasant |
| 8:21 | Peasant |
| 8:32 | Guard Tower |
| 8:39 | Storm Bolt |
| 8:46 | Guard Tower |
| 8:47 | Scout Tower |
| 9:18 | Guard Tower |
| 9:25 | Scroll of Regeneration |
| 9:25 | Lesser Clarity Potion |
| 9:27 | Lesser Clarity Potion |
| 9:29 | Scout Tower |
| 9:30 | Scout Tower |
| 9:30 | Scout Tower |
| 9:31 | Scout Tower |
| 9:32 | Scout Tower |
| 9:34 | Advanced Masonry |
| 9:35 | Imbued Masonry |
| 9:49 | Scout Tower |
| 9:50 | Scout Tower |
| 9:50 | Scout Tower |
| 9:51 | Scout Tower |
| 9:51 | Scout Tower |
| 10:05 | Guard Tower |
| 10:29 | Magic Sentry |
| 10:30 | Priest |
| 10:32 | Spell Breaker |
| 10:35 | Castle |
| 10:36 | Guard Tower |
| 10:47 | Scout Tower |
| 10:47 | Scout Tower |
| 10:47 | Scout Tower |
| 10:53 | Scroll of Regeneration |
| 10:54 | Potion of Healing |
| 11:00 | Guard Tower |
| 11:02 | Guard Tower |
| 11:25 | Staff of Teleportation |
| 11:25 | Boots of Speed |
| 11:26 | Periapt of Vitality |
| 11:53 | Guard Tower |
| 11:54 | Guard Tower |
| 11:56 | Guard Tower |
| 11:56 | Guard Tower |
| 12:00 | Gryphon Aviary |
| 12:01 | Blacksmith |
| 12:15 | Bash |
| 12:27 | Scout Tower |
| 12:28 | Scout Tower |
| 12:28 | Guard Tower |
| 12:39 | Guard Tower |
| 12:43 | Scroll of Regeneration |
| 12:50 | Priest Adept Training |
| 12:55 | Sorceress |
| 13:02 | Sorceress Adept Training |
| 13:26 | Guard Tower |
| 13:27 | Guard Tower |
| 13:30 | Scout Tower |
| 13:30 | Scout Tower |
| 13:31 | Scout Tower |
| 13:32 | Scout Tower |
| 13:43 | Staff of Sanctuary |
| 13:47 | Guard Tower |
| 13:50 | Staff of Sanctuary |
| 13:56 | Holy Light |
| 14:29 | Potion of Mana |
| 14:29 | Orb of Fire |
| 14:38 | Orb of Fire |
| 14:57 | Guard Tower |
| 14:58 | Guard Tower |
| 15:00 | Iron Forged Swords |
| 15:00 | Studded Leather Armor |
| 15:08 | Barracks |
| 15:27 | Guard Tower |
| 15:28 | Scout Tower |
| 15:29 | Scout Tower |
| 15:44 | Staff of Teleportation |
| 15:44 | Boots of Speed |
| 15:45 | Potion of Lesser Invulnerability |
| 16:22 | Guard Tower |
| 16:24 | Scout Tower |
| 16:26 | Scout Tower |
| 16:27 | Scout Tower |
| 16:27 | Scout Tower |
| 16:51 | Steel Forged Swords |
| 16:53 | Dragonhawk Rider |
| 17:01 | Farm |
| 17:03 | Priest Master Training |
| 18:16 | Brilliance Aura |
| 18:21 | Guard Tower |
| 18:29 | Scout Tower |
| 18:51 | Dragonhawk Rider |
| 18:53 | Mithril Forged Swords |
| 18:53 | Reinforced Leather Armor |
| 18:58 | Animal War Training |
| 19:11 | Potion of Mana |
| 19:18 | Scout Tower |
| 19:19 | Scout Tower |
| 19:20 | Scout Tower |
| 19:20 | Scout Tower |
| 19:30 | Gryphon Aviary |
| 20:06 | Potion of Healing |
| 20:08 | Staff of Sanctuary |
| 20:30 | Potion of Healing |
| 20:31 | Potion of Healing |
| 21:36 | Divine Shield |
| 21:58 | Scout Tower |
| 21:59 | Scout Tower |
| 22:02 | Guard Tower |
| 22:44 | Guard Tower |
| 23:06 | Potion of Mana |
| 23:12 | Guard Tower |
| 24:12 | Potion of Mana |
| 24:20 | Farm |
| 24:20 | Farm |
| 24:37 | Storm Bolt |
| 25:41 | Dragonhawk Rider |
| 25:42 | Dragonhawk Rider |
| 25:43 | Dragonhide Armor |
| 25:50 | Scroll of Town Portal |
| 26:27 | Holy Light |
| 26:38 | Potion of Healing |
| 26:38 | Potion of Healing |
| 26:41 | Potion of Healing |
| 28:03 | Staff of Teleportation |
| 33:23 | Blizzard |
| 36:43 | Scout Tower |
| 36:44 | Scout Tower |
| 36:45 | Scout Tower |
| 36:46 | Scout Tower |
| 36:48 | Scout Tower |
| 36:51 | Scout Tower |
| 38:15 | Bash |
| Right click | 4067 |
| Select | 1207 |
| Select group | 532 |
| Build/train/purchase | 259 |
| Use ability | 156 |
| Chat | 57 |
| Misc. action | 35 |
| Assign group | 22 |
| Item give/drop | 10 |
| Remove unit | 2 |
69 units @ 9.7k
/ 1.7k
25 buildings @ 4.3k
/ 2k


| Moonstone | 1 | 50 |
| Orb of Venom | 1 | 325 |
| Potion of Healing | 1 | 150 |
| Scroll of Healing | 1 | 250 |
| Boots of Speed | 2 | 500 |
| Potion of Lesser Invulnerability | 1 | 150 |
| Claws of Attack +9 | 1 | 300 |
| Claws of Attack +6 | 1 | 125 |
| total: | 9 | 1850g |
| Wisp | 28 | 1680 | / | 0 |
| Archer | 15 | 1950 | / | 150 |
| Huntress | 3 | 585 | / | 60 |
| Dryad | 3 | 435 | / | 180 |
| Glaive Thrower | 10 | 2100 | / | 650 |
| Mountain Giant | 6 | 2100 | / | 600 |
| Forest Troll Shadow Priest | 2 | 390 | / | 20 |
| Forest Troll Berserker | 2 | 490 | / | 60 |
| total: | 69 | 9730g | / | 1720w |
| Ancient Protector | 6 | 810 | / | 480 |
| Altar of Elders | 1 | 180 | / | 50 |
| Moon Well | 8 | 1440 | / | 320 |
| Ancient of War | 3 | 450 | / | 180 |
| Hunter's Hall | 1 | 210 | / | 100 |
| Ancient of Wonders | 1 | 90 | / | 30 |
| Tree of Life | 2 | 680 | / | 370 |
| Ancient of Lore | 3 | 465 | / | 435 |
| Tree of Ages | 1 | 320 | / | 180 |
| Tree of Eternity | 1 | 330 | / | 200 |
| total: | 25 | 4325g | / | 1965w |
| 0:04 | Wisp |
| 0:04 | Wisp |
| 0:10 | Altar of Elders |
| 0:21 | Moon Well |
| 0:24 | Wisp |
| 0:28 | Ancient of War |
| 0:32 | Wisp |
| 0:43 | Wisp |
| 0:53 | Wisp |
| 1:09 | Wisp |
| 1:18 | Wisp |
| 1:28 | Archer |
| 1:33 | Wisp |
| 1:39 | Moon Well |
| 1:42 | Wisp |
| 2:17 | Mana Burn |
| 2:31 | Wisp |
| 2:57 | Tree of Ages |
| 3:19 | Evasion |
| 3:31 | Forest Troll Shadow Priest |
| 3:37 | Moon Well |
| 3:39 | Hunter's Hall |
| 3:49 | Forest Troll Berserker |
| 4:20 | Moon Well |
| 4:39 | Archer |
| 4:39 | Archer |
| 4:43 | Strength of the Moon |
| 4:57 | Mana Burn |
| 5:01 | Archer |
| 5:20 | Ancient of War |
| 5:25 | Improved Bows |
| 5:32 | Boots of Speed |
| 5:44 | Archer |
| 6:25 | Frost Arrows |
| 6:31 | Moon Glaive |
| 6:32 | Sentinel |
| 6:48 | Wisp |
| 6:48 | Wisp |
| 6:50 | Ancient of Wonders |
| 7:10 | Huntress |
| 7:56 | Wisp |
| 7:56 | Wisp |
| 8:00 | Tree of Life |
| 8:10 | Ancient of Lore |
| 8:16 | Improved Strength of the Moon |
| 8:37 | Huntress |
| 8:42 | Forked Lightning |
| 9:21 | Tree of Eternity |
| 9:40 | Huntress |
| 9:41 | Archer |
| 10:01 | Claws of Attack +9 |
| 10:16 | Moonstone |
| 10:24 | Forked Lightning |
| 10:40 | Archer |
| 10:46 | Wisp |
| 10:46 | Wisp |
| 11:04 | Abolish Magic |
| 11:14 | Vorpal Blades |
| 11:18 | Wisp |
| 11:31 | Wisp |
| 11:31 | Wisp |
| 11:49 | Marksmanship |
| 12:01 | Evasion |
| 12:09 | Moon Well |
| 12:11 | Wisp |
| 12:11 | Wisp |
| 12:16 | Ancient Protector |
| 12:21 | Ancient Protector |
| 12:28 | Wisp |
| 12:38 | Ancient Protector |
| 13:10 | Forest Troll Shadow Priest |
| 13:14 | Forest Troll Berserker |
| 13:24 | Moon Well |
| 13:29 | Well Spring |
| 13:41 | Ancient of War |
| 13:51 | Dryad |
| 14:19 | Moon Well |
| 14:28 | Glaive Thrower |
| 14:37 | Glaive Thrower |
| 15:04 | Orb of Venom |
| 15:08 | Potion of Healing |
| 15:23 | Glaive Thrower |
| 15:27 | Ultravision |
| 15:57 | Glaive Thrower |
| 16:29 | Glaive Thrower |
| 16:44 | Glaive Thrower |
| 17:06 | Advanced Strength of the Moon |
| 18:27 | Wisp |
| 18:27 | Wisp |
| 18:36 | Hardened Skin |
| 18:36 | Resistant Skin |
| 19:07 | Moon Armor |
| 19:31 | Moon Well |
| 20:03 | Frost Arrows |
| 20:13 | Glaive Thrower |
| 20:47 | Archer |
| 20:48 | Archer |
| 22:31 | Archer |
| 22:42 | Improved Moon Armor |
| 22:58 | Archer |
| 23:41 | Archer |
| 24:00 | Archer |
| 24:11 | Archer |
| 25:09 | Tree of Life |
| 25:49 | Druid of the Claw Adept Training |
| 25:51 | Advanced Moon Armor |
| 26:26 | Forked Lightning |
| 26:37 | Glaive Thrower |
| 27:07 | Mountain Giant |
| 27:43 | Archer |
| 27:59 | Ancient Protector |
| 28:24 | Wisp |
| 28:26 | Ancient Protector |
| 28:34 | Ancient Protector |
| 28:49 | Wisp |
| 28:49 | Wisp |
| 29:04 | Glaive Thrower |
| 29:29 | Glaive Thrower |
| 30:05 | Mountain Giant |
| 30:05 | Mountain Giant |
| 30:55 | Potion of Lesser Invulnerability |
| 31:00 | Scroll of Healing |
| 31:01 | Boots of Speed |
| 31:22 | Mountain Giant |
| 31:49 | Strength of the Wild |
| 31:49 | Reinforced Hides |
| 32:10 | Claws of Attack +6 |
| 32:23 | Ancient of Lore |
| 32:26 | Ancient of Lore |
| 32:38 | Mountain Giant |
| 33:42 | Mountain Giant |
| 33:47 | Dryad |
| 33:49 | Dryad |
| 34:24 | Improved Strength of the Wild |
| 34:24 | Improved Reinforced Hides |
| 35:15 | Nature's Blessing |
| Right click | 1794 |
| Select group | 878 |
| Select | 811 |
| Build/train/purchase | 150 |
| Use ability | 103 |
| Assign group | 82 |
| Misc. action | 81 |
| Chat | 10 |
| Item give/drop | 9 |
| Remove unit | 5 |
โ